 Dungeon Crawl Stone Soup version 0.26-a0-1107-g6118521029 (webtiles) character file.

Game seed: 10152469841282648952

45 Dracia the Distorting Demonspawn (level 3, -5/29 HPs)
             Began as a Demonspawn Abyssal Knight on Dec 16, 2020.
             Was a Believer of Lugonu.
             Slain by Natasha (7 damage)
             ... on level 2 of the Dungeon.
             The game lasted 00:01:46 (1696 turns).

Dracia the Distorting Demonspawn (DsAK)             Turns: 1696, Time: 00:01:47

Health: -5/29      AC:  2    Str: 13    XL:     3   Next: 42%
Magic:  5/5        EV: 11    Int: 13    God:    Lugonu [**....]
Gold:   43         SH:  0    Dex: 12    Spells: 2/2 levels left

rFire    . . .     SeeInvis .   a - +1 falchion
rCold    + . .     Faith    .   (no shield)
rNeg     . . .     Spirit   .   b - +0 leather armour
rPois    .         Reflect  .   (no helmet)
rElec    .         Harm     .   j - +0 cloak
rCorr    .         Rampage  .   (no gloves)
Will     .....     Rnd*Rage +   (no boots) Stlth +.........Rnd*Tele +
                                (no amulet)
HPRegen  0.09/turn              t - ring of teleportation (curse)
MPRegen  0.09/turn              (no ring)

@: very slightly contaminated
A: berserk 1, cold resistance 1, deformed body, mutation resistance 1
a: Depart the Abyss, Bend Space, Renounce Religion


You were on level 2 of the Dungeon.
You worshipped Lugonu.
Lugonu was pleased with you.
You visited 1 branch of the dungeon, and saw 2 of its levels.
You visited the Abyss 1 time.

You collected 43 gold pieces.


Innate Abilities, Weirdness & Mutations

Your flesh is cold resistant. (rC+)
You tend to lose your temper in combat.
Armour fits poorly on your strangely shaped body.
You are somewhat resistant to further mutation.


   Skills:
 - Level 3.0 Fighting
 + Level 2.8 Long Blades
 - Level 1.7 Armour
 - Level 0.8 Dodging
 + Level 3.9 Invocations


You had 2 spell levels left.
You didn't know any spells.
Your spell library was empty.

Inventory:

Hand Weapons
 a - a +1 falchion (weapon)
Armour
 b - a +0 leather armour (worn)
 j - a +0 cloak (worn)
Jewellery
 t - a cursed ring of teleportation (left hand)
Scrolls
 g - a scroll of fog
 k - 2 scrolls of teleportation {@r4@r4}
 l - a scroll of magic mapping {unknown}
 m - a scroll of blinking {unknown}
 n - a scroll of identify {@r1@r1}
 o - a scroll of amnesia {unknown}
Potions
 c - a potion of attraction {unknown}
 d - a potion of invisibility
 e - 2 potions of berserk rage {unknown}
 i - a potion of brilliance {unknown}

Dungeon Overview and Level Annotations

Branches:
Dungeon (2/15)

Altars:

Annotations:
D:2 Natasha

... ##..###...# ##
##..####...# #.
#.....##...#
#.####+##..##........
#.......... ##.#[...#
#......### ###.#....#
.###....... ...#<...#
..(....5h# #. #..#...##
#....@.# #. #..#...#
#.....)####.##..#...##
.............(..........
.##..##..####..#..#.....
#.. #..#.........<..#.
#. #..#.###.##.###.#. #
............# #.#.
.........#### #.#.
..#.###.# #.##


You could see Natasha and a crimson imp (summoned).


Message History

Your surroundings suddenly seem different.
Natasha, Servant of Life and Death comes into view.
Natasha hisses angrily.
Natasha claws you.
Found a falchion and 22 bolts.
Your leather armour prevents you from hitting Natasha.
Natasha casts a spell at you. The magic dart hits you.
You barely miss Natasha. Natasha claws you.
* * * LOW HITPOINT WARNING * * *
You are too injured to fight recklessly!
You are too injured to fight recklessly!
Unknown command.
You barely miss Natasha. Natasha closely misses you.
You barely miss Natasha.
Natasha stares at you and mumbles some strange words.
The magic dart hits you!
* * * LOW HITPOINT WARNING * * *
You hit Natasha but do no damage. Natasha closely misses you.
You hit Natasha.
Natasha is moderately wounded.
Natasha hisses.
Natasha mumbles some strange words.
Unknown command.
You miss Natasha.
Natasha is moderately wounded.
Natasha barely misses you. The crimson imp misses you.
You riposte.
You hit the crimson imp but do no damage.
Natasha claws you!
You die...

Skill      XL: |  1 |
---------------+----+-----
Long Blades    | 2 |  2.8
Invocations    | 3 |  3.9
Fighting       | |  3.0
Armour         | |  1.7
Dodging        | |  0.8

Action                   || total
-------------------------++-------
Melee: Falchion          ||   107
  Use: Potion            ||     3
       Scroll            ||     2
Armor: Leather armour    ||    41
Dodge: Dodged            ||    79
       Rpst.: Falchion   ||    25

Levels and vault maps discovered:
D:1:      minmay_arrival_arboretum_small, layout_basic,
          minmay_misc_feat_pillars, hangedman_abyss_or_decor_lesser_grid
D:2:      layout_basic, dancing_weapons_uskayaw, chequers_jeans,
          grunt_decor_arrowhead, hangedman_glass_teeth, uniq_natasha

Notes
Turn   | Place    | Note
-------+----------+-------------------------------------------
     0 | Abyss:1  | Dracia the Demonspawn Abyssal Knight began the quest for
                  | the Orb.
     0 | Abyss:1  | Reached XP level 1. HP: 18/18 MP: 2/2
     9 | D:1      | You pass through the gate.
     9 | D:1      | Escaped the Abyss
   238 | D:1      | Reached skill level 2 in Long Blades
   471 | D:1      | Reached skill level 3 in Invocations
   479 | D:1      | Gained mutation: Your flesh is cold resistant. (rC+)
                  | [demonic ancestry]
   479 | D:1      | Reached XP level 2. HP: 17/24 MP: 2/4
  1060 | D:1      | Reached XP level 3. HP: 22/29 MP: 5/5
  1639 | D:2      | Gained mutation: Armour fits poorly on your strangely
                  | shaped body. [potion of mutation]
  1639 | D:2      | Gained mutation: You tend to lose your temper in combat.
                  | [potion of mutation]
  1639 | D:2      | Gained mutation: You are somewhat resistant to further
                  | mutation. [potion of mutation]
  1646 | D:2      | Reached ** piety under Lugonu
  1689 | D:2      | Noticed Natasha
  1693 | D:2      | HP: 1/29 [Natasha/magic dart (10)]
  1696 | D:2      | Slain by Natasha

Vanquished Creatures
  An adder (D:2)
  An ooze (D:1)
  A worm (D:2)
  2 dart slugs (D:1)
  A ball python (D:1)
  6 hobgoblins (D:1)
  6 bats
  2 frilled lizards (D:1)
  2 goblins
  A kobold (D:1)
  3 rats (D:1)
26 creatures vanquished.

Table legend: (Time is in decaauts)
 A = Elapsed time spent in this place.
 B = Non-inter-level travel time spent in this place.
 C = Inter-level travel time spent in this place.
 D = Time resting spent in this place.
 E = Time spent auto-exploring this place.
 F = Levels seen in this place.
 G = Mean time per level.
                   A        B        C        D        E       F      G
               +--------+--------+--------+--------+--------+-----+--------+
         Total |   1714 |   1690 |     24 |    246 |   1206 |   3 |  571.3 |
       Dungeon |   1705 |   1681 |     24 |    246 |   1201 |   2 |  852.5 |
         Abyss |      9 |      9 |      0 |      0 |      5 |   1 |    9.0 |
               +--------+--------+--------+--------+--------+-----+--------+

Top non-repeatable levels by time:
     D:1: 1276 daAuts
     D:2: 428 daAuts
 Abyss:1: 9 daAuts

Table legend:
 A = Non-vault XP
 B = Vault XP
 C = Vault XP percentage of total XP
 D = Non-vault monster count
 E = Vault monster count
 F = Vault count percentage of total count
                 A         B        C        D         E       F
            +---------+---------+-------+---------+---------+-------
      Total |      65 |       0 |   0.0 |      26 |       0 |   0.0
            +---------+---------+-------+---------+---------+-------
        D:1 |      43 |       0 |   0.0 |      22 |       0 |   0.0
        D:2 |      22 |       0 |   0.0 |       4 |       0 |   0.0
            +---------+---------+-------+---------+---------+-------
